 Dungeon Crawl Stone Soup version 0.24.0-41-g2ae2f7f1be (webtiles) character file.

Game seed: 13592377552897863292, levelgen mode: deterministic

35 Goreval the Vexing (level 3, 0/14 HPs)
             Began as a Felid Enchanter on Dec 10, 2019.
             Killed from afar by Sigmund (4 damage)
             ... with a magic dart
             ... on level 2 of the Dungeon.
             The game lasted 00:06:08 (1318 turns).

Goreval the Vexing (Felid Enchanter)                Turns: 1318, Time: 00:06:09

Health: 0/14       AC:  1    Str:  4    XL:     3   Next: 17%
Magic:  1/7        EV: 18    Int: 17    God:
Gold:   82         SH:  0    Dex: 16    Spells: 0/6 levels left
                                        Lives:  0   Deaths: 0

rFire    . . .     SeeInvis +     - Unarmed
rCold    . . .     Gourm    .   (shield unavailable)
rNeg     . . .     Faith    .   (armour unavailable)
rPois    .         Spirit   .   (helmet unavailable)
rElec    .         Reflect  .   (cloak unavailable)
rCorr    .         Harm     .   (gloves unavailable)
MR       .....                  (boots unavailable)
Stlth    +++.......             (no amulet)
HPRegen  0.04/turn              (no ring)
MPRegen  0.10/turn              (no ring)

@: quick
A: very small, no armour, no weapons or thrown items, stealth, claws 1, fangs 3,
see invisible, carnivore, speed 1, shaggy fur 1, slow metabolism 1, sharp paws
a: no special abilities


You were on level 2 of the Dungeon.
You were very full.

You visited 1 branch of the dungeon, and saw 3 of its levels.

You collected 82 gold pieces.

Inventory:

Scrolls
 c - 3 scrolls of identify {unknown}
 e - a scroll of enchant weapon {unknown}
 f - 2 scrolls of enchant armour {unknown}
 h - a scroll of teleportation {unknown}
 l - a scroll of remove curse {unknown}
Potions
 a - a potion of mutation {unknown}
 d - a potion of curing {unknown}
 g - a potion of degeneration {unknown}
 j - 2 potions of might {unknown}
 k - a potion of invisibility {unknown}
Comestibles
 b - 3 rations
 i - a chunk of flesh


   Skills:
 + Level 3.1 Dodging
 * Level 4.5 Stealth
 * Level 1.4 Unarmed Combat
 + Level 2.2 Spellcasting
 + Level 5.1 Hexes


You couldn't memorise any spells.
You knew the following spells:

 Your Spells              Type           Power        Failure   Level  Hunger
a - Ensorcelled Hibernat  Hex/Ice        ##....       10%         2    ###....
b - Confuse               Hex            ###.....     7%          3    ###....
o - Corona                Hex            ###....      2%          1    #......

Your spell library contained the following spells:

 Spells                   Type           Power        Failure   Level  Hunger
 Tukima's Dance           Hex            ###.....     7%          3    ###....
 Dazzling Spray           Conj/Hex       ##....       21%         3    ###....


Dungeon Overview and Level Annotations

Branches:
Dungeon (3/15)

Altars:
Elyvilon
Kikubaaqudgha
Sif Muna
Uskayaw

Annotations:
D:2 Sigmund


Innate Abilities, Weirdness & Mutations

You cannot wear armour.
You are incapable of wielding weapons or throwing items.
Your paws allow you to move quietly. (Stealth)
You have sharp claws.
You have razor-sharp teeth.
You have supernaturally acute eyesight. (SInv)
You are carnivorous and can eat meat at any time.
You cover ground quickly.
You are covered in fur. (AC +1)
You have a slow metabolism.
Your sharp claws are effective at attacking unaware monsters.


Message History

A hobgoblin comes into view. It is wielding a +0 club.
Found a robe.
Found a shimmering blue altar of Sif Muna.
Sigmund flickers, as though insubstantial.
You open the door.
Found a scroll labeled LUAHIEL KEMUDD.
Your magical contamination has completely faded away.
There is an open door here.
You close the door.
Sigmund opens the door.
Found a scroll labeled CIACZI ZINIAW.
The hobgoblin shouts!
Aim: a hobgoblin, wielding a +0 club (chance to defeat MR: 59%)
The hobgoblin resists with significant effort.
Aim: a hobgoblin, wielding a +0 club (chance to defeat MR: 59%)
The hobgoblin resists with significant effort.
The hobgoblin completely misses you. Sigmund gestures at you while chanting.
The magic dart hits you.
You die...

####...h#.# #..#..#.####?....##
........#.####..#...............
.....[.>+............@..........
.@......#.####..##.#.##.#.....#.
........................+ ....+.
.............#.......###.# ....##
.........##..#.......###.########
.........##..#(.....g..........#
.........(...#..@#######+#####+##
.....#####...#...# # .##+#
#...#.... # .# #...#.#+## #
##...#... # #.#####<.........
#................
########.#.#.#### #.#.#.#


You could see Sigmund and a hobgoblin.

Vanquished Creatures
  An adder (D:2)
  A dart slug (D:2)
  A leopard gecko (D:2)
  2 bats (D:1)
  6 goblins
  3 hobgoblins
  A jackal (D:3)
  3 frilled lizards
  A kobold (D:3)
  3 rats
22 creatures vanquished.

Notes
Turn   | Place    | Note
-------+----------+-------------------------------------------
     0 | D:1      | Goreval the Felid Enchanter began the quest for the Orb.
     0 | D:1      | Reached XP level 1. HP: 7/7 MP: 4/4
   539 | D:1      | Reached XP level 2. HP: 11/11 MP: 6/6
   543 | D:1      | Learned a level 2 spell: Ensorcelled Hibernation
   856 | D:2      | Noticed Sigmund
   967 | D:3      | Found a white marble altar of Elyvilon.
   970 | D:3      | Found a hide-covered altar of Uskayaw.
   973 | D:3      | Found an ancient bone altar of Kikubaaqudgha.
  1128 | D:2      | Reached skill level 5 in Hexes
  1128 | D:2      | Reached XP level 3. HP: 14/14 MP: 4/7
  1160 | D:2      | Learned a level 3 spell: Confuse
  1283 | D:2      | Found a shimmering blue altar of Sif Muna.
  1318 | D:2      | Killed from afar by Sigmund

Levels and vault maps discovered:
D:1:      nagdon_arrival_double_spiral, layout_basic, serial_forest,
          infiniplex_forest_clump_tiny, infiniplex_forest_end_3,
          infiniplex_forest_end_3, infiniplex_forest_lined_1,
          infiniplex_forest_clump_large, infiniplex_forest_straight_3,
          infiniplex_forest_straight_4, infiniplex_forest_straight_4,
          corexii_leaking_fountain
D:2:      layout_basic, lemuel_round_altar, uniq_sigmund
D:3:      layout_rooms, gammafunk_temple_overflow_forgotten,
          serial_corexii_hall, chequers_hall_statues_y, corexii_hall_statues_l

Skill      XL: |  1  2 |
---------------+-------+-----
Dodging        | 3 |  3.1
Hexes          | 5 |  5.1
Stealth        | |  4.5
Unarmed Combat | |  1.4
Spellcasting   | |  2.2

Action                   || total
-------------------------++-------
Melee: Unarmed           ||    44
       Bite              ||     1
 Cast: Corona            ||     3
       Ensorcelled Hiber ||     8
 Stab: Sleeping          ||    13
       Distracted        ||     1
  Eat: Chunk             ||     8
Armor: Skin              ||     1
Dodge: Dodged            ||    23
